Map: Data-C

Players

trigger

  • Race: Protoss Protoss
  • League: Grandmaster
  • Spawn Location: 3:00

ByuN - Winner!

  • Race: Terran Terran
  • Spawn Location: 9:00

Event: HomeStory Cup XXII

VOD

Have the link to the VOD?

Description

Time

  • Played on: Dec. 16, 2022, 1:25 p.m.
  • Length: 14:13

All games in this series

Show
View Real Time Build Order
Export as new Build Order

trigger Protoss 

Build Orders: Blink Stalkers 

Get SALT Encoding   

  12  0:00  Probe  
  13  0:12  Probe  
  14  0:18  Pylon  
  14  0:25  Probe  
  15  0:37  Probe (Chrono Boost)  
  15  0:42  Pylon  
  16  0:46  Probe (Chrono Boost)  
  17  0:51  Probe (Chrono Boost)  
  18  1:01  Gateway  
  18  1:04  Probe  
  18  1:08  Assimilator  
  19  1:16  Probe  
  20  1:28  Probe  
  21  1:38  Nexus  
  21  1:46  Zealot (Chrono Boost)  
  21  1:51  Cybernetics Core  
  23  1:59  Probe  
  24  2:05  Zealot (Chrono Boost)  
  25  2:11  Assimilator  
  25  2:16  Gateway  
  26  2:22  Probe  
  26  2:29  Stalker (Chrono Boost)  
  26  2:34  Shield Battery  
  26  2:36  Warp Gate  
  26  2:45  Probe  
  25  2:52  Probe, Stalker  
  28  3:01  Probe  
  28  3:04  Stalker  
  31  3:06  Probe  
  32  3:13  Probe  
  32  3:18  Probe  
  34  3:25  Probe  
  35  3:30  Twilight Council  
  35  3:31  Probe  
  36  3:38  Probe (Chrono Boost)  
  37  3:44  Robotics Facility, Probe (Chrono Boost)  
  38  3:54  Pylon  
  40  3:56  Probe (Chrono Boost)  
  40  3:57  Probe (Chrono Boost)  
  40  3:58  Blink (Chrono Boost)  
  40  3:59  Pylon  
  40  4:12  Probe x2  
  42  4:21  Gateway  
  42  4:23  Gateway  
  43  4:24  Probe x2  
  43  4:29  Shield Battery  
  44  4:32  Stalker  
  44  4:35  Observer  
  44  4:36  Probe  
  44  4:38  Probe  
  49  4:49  Probe, Pylon  
  50  4:57  Stalker  
  52  5:03  Nexus  
  52  5:05  Probe x2  
  54  5:07  Observer  
  54  5:08  Shield Battery  
  54  5:11  Assimilator  
  55  5:15  Assimilator  
  55  5:17  Probe  
  55  5:21  Robotics Bay, Probe  
  57  5:29  Probe  
  57  5:33  Probe, Pylon  
  57  5:35  Charge (Chrono Boost)  
  59  5:41  Probe  
  60  5:45  Shield Battery, Probe  
  61  5:53  Stalker x3  
  67  6:03  Pylon  
  67  6:09  Disruptor (Chrono Boost)  
  70  6:12  Pylon  
  70  6:19  Stalker x3  
  72  6:25  Probe x2 (Chrono Boost)  
  72  6:27  Observer  
  70  6:33  Probe (Chrono Boost)  
  72  6:42  Colossus (Chrono Boost)  
  72  6:43  Probe (Chrono Boost)  
  72  6:44  Probe x2 (Chrono Boost)  
  80  6:49  Probe  
  80  6:51  Probe  
  80  6:52  Probe  
  83  6:54  Extended Thermal Lance  
  83  6:58  Forge  
  83  7:00  Gateway  
  84  7:01  Probe  
  84  7:04  Probe  
  84  7:05  Gateway  
  86  7:08  Probe  
  86  7:12  Zealot x3  
  86  7:14  Probe  
  93  7:23  Pylon  
  93  7:29  Colossus (Chrono Boost)  
  99  7:32  Protoss Ground Weapons Level 1  
  99  7:38  Gateway x2  
  99  7:41  Pylon  
  99  7:51  Zealot x3  
  101  7:57  Zealot  
  105  8:02  Zealot  
  105  8:09  Probe  
  105  8:11  Colossus (Chrono Boost)  
  104  8:16  Pylon  
  104  8:19  Zealot x3  
  102  8:23  Pylon  
  102  8:25  Pylon  
  99  8:27  Pylon  
  98  8:35  Zealot x4  
  104  8:45  Zealot x3  
  90  8:50  Colossus  
  90  8:55  Zealot x4  
  85  9:03  Observer  
  85  9:07  Zealot x3  
  83  9:10  Probe  
  83  9:12  Probe (Chrono Boost)  
  83  9:15  Stalker x2  
  83  9:16  Stalker  
  84  9:18  Observer  
  84  9:19  Observer  
  84  9:23  Probe (Chrono Boost)  
  82  9:24  Probe (Chrono Boost)  
  82  9:28  Probe (Chrono Boost)  
  82  9:30  Zealot x3  
  89  9:33  Probe (Chrono Boost)  
  89  9:34  Probe (Chrono Boost)  
  89  9:36  Protoss Ground Weapons Level 2 (Chrono Boost)  
  91  9:41  Probe  
  91  9:43  Colossus  
  98  9:46  Probe x2  
  98  9:49  Stalker  
  98  9:51  Stalker  
  104  9:53  Stalker  
  106  10:03  Templar Archives  
  106  10:04  Probe x2  
  106  10:05  Probe  
  109  10:07  Assimilator  
  109  10:08  Pylon  
  109  10:09  Assimilator  
  109  10:12  Zealot x2  
  113  10:21  Zealot x4  
  113  10:23  Psionic Storm  
  121  10:28  Probe x2  
  121  10:29  Probe  
  122  10:45  High Templar x3  
  122  10:46  Observer  
  122  10:48  Observer  
  126  10:59  Nexus  
  126  11:00  Pylon  
  126  11:02  Observer, Probe  
  119  11:09  Pylon  
  119  11:12  Zealot x3  
  119  11:13  Zealot  
  119  11:18  Gateway  
  131  11:21  Robotics Facility  
  131  11:30  Stalker  
  133  11:34  Zealot x5  
  133  11:37  Shield Battery  
  133  11:39  Photon Cannon  
  135  11:42  Zealot  
  121  11:57  Protoss Ground Armor Level 1  
  121  12:01  Stalker x5, Pylon  
  131  12:09  Immortal (Chrono Boost)  
  131  12:13  Robotics Facility  
  135  12:16  Pylon  
  133  12:23  Probe x2  
  133  12:24  Probe  
  133  12:26  Probe  
  133  12:29  Stalker x2  
  141  12:35  Probe  
  136  12:40  Disruptor (Chrono Boost)  
  136  12:42  Archon  
  127  12:44  Stalker x3  
  127  12:48  Zealot x2  
  125  13:09  Zealot x3, Stalker x2  
  125  13:10  Zealot x3  
  123  13:14  Disruptor  
  123  13:18  Disruptor  
  129  13:32  Zealot x2  
  129  13:33  Zealot x4  
  119  13:48  Zealot x2  
Show
View Real Time Build Order
Export as new Build Order

ByuN Terran - Winner!

Build Orders:  

Get SALT Encoding   

  12  0:00  SCV  
  13  0:12  SCV  
  14  0:17  Supply Depot  
  14  0:24  SCV  
  15  0:38  SCV  
  15  0:40  Barracks  
  16  0:42  Refinery  
  16  0:50  SCV  
  16  0:53  Refinery  
  17  1:02  SCV  
  18  1:14  SCV  
  19  1:27  Reaper, Orbital Command  
  19  1:28  Supply Depot  
  20  1:40  Factory  
  20  1:52  SCV  
  22  2:05  SCV  
  23  2:10  Barracks Tech Lab  
  23  2:12  Barracks Reactor  
  23  2:13  Bunker  
  22  2:17  SCV  
  22  2:18  Marine  
  24  2:24  Hellion  
  24  2:29  SCV  
  26  2:36  Marine  
  27  2:41  SCV  
  27  2:49  Factory Tech Lab  
  27  2:54  Barracks Reactor  
  27  2:56  Command Center  
  27  2:57  SCV  
  28  3:01  Supply Depot  
  28  3:07  Cyclone  
  31  3:22  Starport  
  31  3:23  SCV  
  32  3:33  Marine x2  
  34  3:34  Supply Depot  
  34  3:35  SCV  
  35  3:47  SCV, Factory Tech Lab  
  36  3:50  Marine  
  36  3:51  Marine  
  38  3:59  SCV  
  39  4:04  Banshee, Cloaking Field  
  39  4:08  Marine x2  
  44  4:11  SCV  
  45  4:17  Siege Tank  
  45  4:24  SCV  
  49  4:25  Orbital Command  
  49  4:28  Marine x2  
  51  4:36  SCV  
  51  4:37  Barracks  
  52  4:47  Banshee  
  52  4:52  SCV x2  
  57  4:54  Supply Depot  
  58  5:00  Siege Tank  
  58  5:02  Marine x2  
  62  5:11  Supply Depot  
  62  5:16  SCV x2  
  62  5:20  Refinery, Marine  
  65  5:23  Marine  
  65  5:28  SCV x2  
  69  5:32  Supply Depot  
  69  5:33  Siege Tank  
  69  5:35  Engineering Bay  
  72  5:39  Barracks  
  72  5:40  SCV x2  
  73  5:49  Marine x2  
  74  5:51  Marine  
  74  5:52  SCV x2  
  74  5:54  Stimpack, Starport Reactor  
  74  6:04  SCV x2  
  74  6:06  Supply Depot, Terran Infantry Weapons Level 1  
  74  6:08  Marine x2  
  78  6:16  SCV x2  
  78  6:18  Factory Reactor  
  76  6:28  SCV x2  
  77  6:33  Supply Depot  
  77  6:34  Marauder x2, Marine x2  
  77  6:37  Combat Shield  
  83  6:40  SCV x2  
  83  6:42  Medivac  
  83  6:46  Medivac  
  89  6:47  Refinery  
  89  6:55  Marine  
  89  6:56  Marauder x2, Marine  
  97  7:09  Command Center  
  97  7:12  Factory Reactor  
  97  7:13  SCV x2  
  97  7:14  Supply Depot  
  97  7:16  Marine x2  
  97  7:19  Marauder  
  101  7:27  Supply Depot  
  101  7:29  Marauder  
  102  7:31  Medivac x2  
  106  7:40  Marine x2  
  106  7:43  Barracks x2, SCV x2  
  110  7:54  Marauder x2  
  110  7:58  Marine x2  
  114  8:00  Widow Mine x2  
  114  8:04  SCV x2  
  121  8:16  SCV  
  121  8:19  Marauder x2, Marine x2  
  117  8:22  SCV  
  117  8:23  Orbital Command  
  118  8:28  SCV  
  118  8:30  Concussive Shells  
  118  8:33  Barracks Reactor  
  119  8:35  SCV, Barracks Tech Lab  
  119  8:40  Marauder  
  119  8:41  SCV, Marauder  
  125  8:47  SCV  
  111  8:50  Marine x2  
  111  8:52  SCV  
  111  8:53  SCV  
  111  8:55  Marauder  
  114  8:59  SCV  
  114  9:02  Marauder x2  
  113  9:04  SCV  
  113  9:05  SCV  
  113  9:07  Marine  
  114  9:11  SCV, Widow Mine  
  114  9:16  SCV, Marauder  
  115  9:17  SCV  
  115  9:18  Marine x3  
  115  9:27  Engineering Bay, Refinery x2, Armory  
  115  9:29  Marauder x2  
  115  9:35  Marine  
  115  9:36  Marine  
  115  9:38  Medivac x2  
  115  9:39  Command Center, Terran Infantry Armor Level 1  
  122  9:50  Marauder  
  122  9:51  Marauder x2, Marine x2  
  127  9:53  Marine  
  127  9:54  Marine  
  127  9:55  SCV  
  127  9:56  Ghost Academy  
  130  10:00  Sensor Tower  
  130  10:02  SCV x2  
  132  10:07  SCV  
  137  10:16  Medivac x2  
  137  10:17  Marauder x2  
  137  10:19  Marine  
  137  10:20  Terran Infantry Weapons Level 2  
  141  10:25  Supply Depot x2  
  141  10:28  Marine x3  
  142  10:29  Marauder  
  145  10:46  Viking x2  
  149  10:50  SCV  
  149  10:57  Command Center, Ghost x2  
  149  10:58  Barracks x2  
  149  11:01  Barracks  
  149  11:04  Marine x4  
  152  11:06  Ghost  
  158  11:13  Missile Turret, Terran Ship Weapons Level 1  
  158  11:16  Viking x2  
  162  11:20  Missile Turret  
  162  11:25  Widow Mine  
  164  11:31  Marine  
  165  11:36  Supply Depot  
  165  11:39  Supply Depot  
  165  11:47  Marine x2  
  163  11:49  Marauder  
  163  11:50  Marauder  
  163  11:51  Marauder  
  163  11:52  Widow Mine  
  159  11:55  Marine x2  
  161  12:03  Viking x2  
  161  12:05  Barracks Reactor, Barracks Tech Lab x2  
  165  12:10  Orbital Command  
  165  12:11  Marauder x2  
  165  12:12  Missile Turret, Marauder  
  171  12:24  Starport  
  171  12:26  Factory Reactor  
  171  12:27  Marauder x2  
  175  12:32  Marauder  
  175  12:33  Viking x2, Marauder  
  175  12:36  Marauder  
  185  12:43  Marine x3  
  185  12:44  Marine x2  
  184  12:47  Ghost  
  184  12:48  Marauder  
  189  12:53  Ghost x2  
  189  12:58  Ghost  
  184  13:04  Marine x2  
  183  13:09  Ghost  
  183  13:10  Marine x2  
  180  13:14  Medivac x2  
  180  13:16  Reaper, Ghost  
  187  13:21  Ghost  
  187  13:22  Marauder  
  191  13:27  Marauder  
  191  13:38  Marauder  
  187  13:43  Marine x2  
  187  13:44  Marauder  
  187  13:45  Marauder  
  187  13:48  Marauder, Marine x4  
Tags
 
Composition
Blink Stalkers
Matchup
PvT
Replay Pack
hsc22
Spawn Locations
Cross Positions
Add a new tag
Caveats
  • Supply blocks, unpowered buildings, or Contaminate may cause inaccurate times.
  • Supply counts are checked every 10 seconds.